 Dungeon Crawl Stone Soup version 0.26-a0-835-g8259106e14 (webtiles) character file.

Game seed: 5977722240719350630

87 pablito the Chiller (level 4, -8/33 HPs)
             Began as a Barachi Ice Elementalist on Nov 17, 2020.
             Mangled by Sigmund
             ... wielding a +4 antimagic scythe
              (17 damage)
             ... on level 2 of the Dungeon.
             The game lasted 00:11:48 (3985 turns).

pablito the Chiller (Barachi Ice Elementalist)      Turns: 3985, Time: 00:11:49

Health: -8/33      AC:  3    Str:  9    XL:     4   Next: 51%
Magic:  0/8        EV: 12    Int: 17    God:
Gold:   258        SH:  0    Dex: 12    Spells: 2/9 levels left

rFire    + . .     SeeInvis .   j - +0 spear
rCold    + . .     Faith    .   (no shield)
rNeg     . . .     Spirit   .   m - +0 leather armour
rPois    .         Reflect  .   (no helmet)
rElec    .         Harm     .   i - scarf {rC+ rF+}
rCorr    .         Rampage  .   (no gloves)
MR       .....                  (no boots)
Stlth    ++........             (no amulet)
HPRegen  0.11/turn              (no ring)
MPRegen  0.11/turn              (no ring)

@: slow
A: +LOS, swims, slowness 1, strong legs 1
a: Hop


You were on level 2 of the Dungeon.
You visited 1 branch of the dungeon, and saw 3 of its levels.

You collected 258 gold pieces.

Inventory:

Hand Weapons
 b - a +0 dagger
 g - a +0 short sword
 j - a +0 spear (weapon)
Missiles
 o - 15 poisoned darts (quivered)
Armour
 a - a +0 robe
 i - a scarf of resistance (worn)
 m - a +0 leather armour (worn)
 n - a -2 scale mail
Jewellery
 d - a +6 ring of dexterity {unknown}
Scrolls
 c - a scroll of teleportation
 e - a scroll of amnesia
 h - 2 scrolls of magic mapping
Potions
 f - a potion of lignification {unknown}
 k - a potion of might {unknown}
 l - 3 potions of curing {unknown}


   Skills:
 + Level 2.2 Fighting
 + Level 0.0 Throwing
 + Level 3.1 Dodging
 - Level 1.7 Stealth
 + Level 3.0 Spellcasting
 + Level 5.4 Ice Magic


You had 2 spell levels left.
You knew the following spells:

 Your Spells              Type           Power        Failure   Level
a - Freeze                Ice            ###.         2%          1
b - Ozocubu's Armour      Ice            ###.....     8%          3
c - Frozen Ramparts       Ice            ###...       8%          3

Your spell library contained the following spells:

 Spells                   Type           Power        Failure   Level
 Hailstorm                Conj/Ice       ##......     63%         4
 Summon Ice Beast         Ice/Summ       ##......     63%         4


Dungeon Overview and Level Annotations

Branches:
Dungeon (3/15)

Altars:

Annotations:
D:2 Sigmund


Innate Abilities, Weirdness & Mutations

You can be seen from farther away. (+LOS)
You can swim through water.
You cover ground slowly.
You can hop short distances.


Message History

Sigmund points at you and mumbles some strange words.
The puff of flame misses you. Sigmund gestures at you while chanting.
You resist with some effort.
Sigmund points at you and mumbles some strange words.
You are confused.
You bump into the rock wall.
Sigmund hits you from afar with a +4 antimagic scythe.
You feel your power leaking away.
Throwing (i - inventory)
o - 16 poisoned darts (quivered)
Press: ? - help, Shift-Dir - straight line, f/p - Sigmund
Aim: Sigmund, wielding a +4 antimagic scythe and wearing a +0 robe You throw a poisoned dart.
Sigmund hits you from afar with a +4 antimagic scythe!
* * * LOW HITPOINT WARNING * * *
You feel your power leaking away.
You feel less confused.
Sigmund hits you with a +4 antimagic scythe!
Ouch! That really hurt!
You die...

#.######.##.#######.###.#.#.####
...##....##...........<........#
.........@.########.###.#.#.#..#
...##.####.# ### #.....#..#
#.###.# #.# #.#.###..## #.# #.#
##@## #.#.# #.... #.# #.###...##
#.#.# ##### #.#
#....(...##########.#.# #.#
#####......@@(...(..#.# #.#
##.##############.# #.# #.# #.#
..# #.##############.#
..########................#
...@.......################
...........# ############


You could see Sigmund.

Vanquished Creatures
  A gnoll (D:1)
  2 adders
  2 dart slugs (D:1)
  3 leopard geckos
  An orc (D:3)
  2 ball pythons
  8 bats
  A giant cockroach (D:2)
  7 goblins
  6 hobgoblins
  6 kobolds
  A quokka (D:2)
  3 frilled lizards (D:2)
  6 rats
49 creatures vanquished.

Notes
Turn   | Place    | Note
-------+----------+-------------------------------------------
     0 | D:1      | pablito the Barachi Ice Elementalist began the quest for
                  | the Orb.
     0 | D:1      | Reached XP level 1. HP: 13/13 MP: 3/3
   154 | D:1      | Reached XP level 2. HP: 4/20 MP: 3/5
   428 | D:1      | Reached skill level 5 in Ice Magic
   611 | D:1      | Reached skill level 1 in Fighting
   977 | D:1      | Reached XP level 3. HP: 24/26 MP: 2/6
  1984 | D:2      | Reached XP level 4. HP: 22/33 MP: 8/8
  2430 | D:2      | Noticed Sigmund
  3866 | D:2      | Learned a level 3 spell: Ozocubu's Armour
  3870 | D:2      | Learned a level 3 spell: Frozen Ramparts
  3985 | D:2      | Mangled by Sigmund

Illustrated notes

Levels and vault maps discovered:
D:1:      ebering_trefoil_twist, layout_basic, interstate_on_off, hex_tiny
D:2:      layout_loops_ring, uniq_sigmund
D:3:      layout_basic

Skill      XL: |  1  2  3  4 |
---------------+-------------+-----
Ice Magic      | 5 |  5.4
Fighting       | 1 2 |  2.2
Dodging        | 3 |  3.1
Spellcasting   | 3 |  3.0
Stealth        | |  1.7

Action                   |  1- 3 |  4- 6 || total
-------------------------+-------+-------++-------
Melee: Dagger            |    39 |       ||    39
       Unarmed           |     2 |       ||     2
       Spear             |    36 |    69 ||   105
       Short sword       |    15 |       ||    15
Throw: Dart              |       |     1 ||     1
 Cast: Freeze            |    26 |     1 ||    27
       Ozocubu's Armour  |       |     2 ||     2
  Use: Scroll            |       |     6 ||     6
 Stab: Sleeping          |     3 |     1 ||     4
Armor: Robe              |    18 |     4 ||    22
       Leather armour    |       |    14 ||    14
Dodge: Dodged            |    86 |    53 ||   139

Table legend: (Time is in decaauts)
 A = Elapsed time spent in this place.
 B = Non-inter-level travel time spent in this place.
 C = Inter-level travel time spent in this place.
 D = Time resting spent in this place.
 E = Time spent auto-exploring this place.
 F = Levels seen in this place.
 G = Mean time per level.
                   A        B        C        D        E       F      G
               +--------+--------+--------+--------+--------+-----+--------+
         Total |   4332 |   4304 |     28 |   1403 |   2064 |   3 | 1444.0 |
       Dungeon |   4332 |   4304 |     28 |   1403 |   2064 |   3 | 1444.0 |
               +--------+--------+--------+--------+--------+-----+--------+

Top non-repeatable levels by time:
     D:1: 1987 daAuts
     D:3: 1192 daAuts
     D:2: 1153 daAuts
